 Dungeon Crawl Stone Soup version 0.29-a0-878-g7b45a56547 (webtiles) character file.

Game seed: 11432791879486192219

210 27snakeeyes612 the Magician (level 5, 0/28 HPs)
             Began as a Deep Elf Air Elementalist on July 20, 2022.
             Was an Initiate of Qazlal.
             Slain by an iguana (8 damage)
             ... on level 4 of the Dungeon.
             The game lasted 00:02:49 (3998 turns).

27snakeeyes612 the Magician (DEAE)                  Turns: 3998, Time: 00:02:50

Health: 0/28       AC:  2    Str:  5    XL:     5   Next: 57%
Magic:  10/13      EV: 13    Int: 22    God:    Qazlal [......]
Gold:   160        SH:  0    Dex: 15    Spells: 11/12 levels left

rFire   . . .      SeeInvis .   t - +0 dagger (elec)
rCold   . . .      Faith    .   (no shield)
rNeg    . . .      Spirit   .   a - +0 robe
rPois   +          Reflect  .   (no helmet)
rElec   .          Harm     .   (no cloak)
rCorr   .          Rampage  .   (no gloves)
Will    .....                   (no boots)
Stlth   +++.......              (no amulet)
HPRegen 0.09/turn               g - ring of poison resistance
MPRegen 0.13/turn               (no ring)

@: no status effects
A: no striking features
a: Renounce Religion


You were on level 4 of the Dungeon.
You worshipped Qazlal.
Qazlal was noncommittal.
You visited 2 branches of the dungeon, and saw 5 of its levels.

You collected 160 gold pieces.

Inventory:

Hand Weapons
 f - a +0 short sword
 h - a +0 dagger of speed
 t - a +0 dagger of electrocution (weapon)
Armour
 a - a +0 robe (worn)
Magical Staves
 o - a staff of conjuration
Jewellery
 g - a ring of poison resistance (left hand)
Scrolls
 c - a scroll of vulnerability {unknown}
 d - 5 scrolls of identify {unknown}
 i - 2 scrolls of enchant weapon {unknown}
 j - 2 scrolls of immolation {unknown}
 l - a scroll of blinking {unknown}
 m - a scroll of fear {unknown}
Potions
 b - a potion of magic
 e - a potion of resistance {unknown}
 k - 2 potions of attraction {unknown}
 n - a potion of heal wounds {unknown}
 p - 4 potions of might {unknown}
 q - a potion of degeneration {unknown}
 r - a potion of brilliance {unknown}
 s - a potion of flight {unknown}
 u - a potion of lignification {unknown}


   Skills:
 + Level 3.7 Dodging
 + Level 4.1 Stealth
 + Level 4.3 Spellcasting
 + Level 2.7 Conjurations
 + Level 3.9 Air Magic


You had 11 spell levels left.
You knew the following spells:

 Your Spells              Type           Power      Damage    Failure   Level
a - Shock                 Conj/Air       76%        1d7       2%          1

Your spell library contained the following spells:

 Spells                   Type           Power      Damage    Failure   Level
 Magic Dart               Conj           68%        1d6       3%          1
 Static Discharge         Conj/Air       19%        3-6/arc   4%          2
 Searing Ray              Conj           34%        2d5       5%          2
 Swiftness                Air            22%        N/A       6%          3
 Sandblast                Erth           8%         2d5       11%         1
 Mephitic Cloud           Conj/Pois/Air  14%        N/A       13%         3
 Passwall                 Tmut/Erth      3%         N/A       16%         2
 Stone Arrow              Conj/Erth      20%        3d8       19%         3
 Airstrike                Air            11%        0-5+      22%         4
 Ignite Poison            Fire/Tmut/Pois 4%         N/A       32%         3
 Fulminant Prism          Conj/Hex       5%         3d7       52%         4
 Freezing Cloud           Conj/Ice/Air   7%         6-21      77%         5


Dungeon Overview and Level Annotations

Branches:
Dungeon (4/15)             Temple (1/1) D:4

Altars:
Cheibriados
Dithmenos
Elyvilon
Hepliaklqana
Kikubaaqudgha
Nemelex Xobeh
Qazlal
Trog
Wu Jian
Zin

Annotations:
D:3 1 runed translucent door, MirrMurr's ghost, amateur MiGl


Message History

The zap hits the orc but does no damage.
The orc shouts!
The zap hits the orc.
The orc is severely wounded.
The zap hits the orc.
You kill the orc!
Qazlal accepts your kill.
You can't see any susceptible monsters within range! (Use Z to cast anyway.)
You can't see any susceptible monsters within range! (Use Z to cast anyway.)
Things that are here:
a +0 dagger; a +0 ring mail An iguana and a jelly come into view.
Found 17 gold pieces.
There are monsters nearby!
There are monsters nearby!
The zap hits the iguana but does no damage.
The iguana hisses angrily.
The zap hits the jelly!
The jelly is heavily wounded.
The zap hits the iguana but does no damage.
The zap hits the jelly.
The jelly is almost dead.
The iguana closely misses you.
The zap hits the iguana but does no damage.
The zap hits the jelly.
You kill the jelly!
Qazlal accepts your kill. The iguana bites you!
The zap hits the iguana.
The iguana is lightly wounded.
The zap hits the iguana.
The iguana is moderately wounded.
The iguana bites you!
* * * LOW HITPOINT WARNING * * *
You are too injured to fight recklessly!
You are too injured to fight recklessly!
You hit the iguana.
The iguana is moderately wounded.
The iguana bites you!
You die...

.#.##.###.# #.#.#
.#.#.## #.# #.#.#
.#)#.# #.# #.#.#
.#..## #.#######.#.#
.#.## #.........#$#
.#.################.#
..........# .#
#########.#########.#
..............@l.$#
#######.###########
#.# #.# #.# #.# #.#
#.#


You could see an iguana.

Vanquished Creatures
  A jelly (D:4)
  Natasha (twice) (D:2)
  5 adders
  2 dart slugs (D:2)
  An orc (D:4)
  7 ball pythons
  11 endoplasms
  2 giant cockroaches (D:1)
  9 goblins
  2 hobgoblins
  7 jackals
  5 quokkas
  8 bats
  2 frilled lizards (D:2)
  9 kobolds
  5 rats
78 creatures vanquished.

Notes
Turn   | Place    | Note
-------+----------+-------------------------------------------
     0 | D:1      | 27snakeeyes612 the Deep Elf Air Elementalist began the
                  | quest for the Orb.
     0 | D:1      | Reached XP level 1. HP: 10/10 MP: 6/6
   381 | D:1      | Reached XP level 2. HP: 15/15 MP: 4/8
   921 | D:1      | Reached XP level 3. HP: 19/19 MP: 5/9
  1649 | D:2      | Reached XP level 4. HP: 24/24 MP: 7/11
  1792 | D:2      | Found a faded altar of an unknown god.
  1995 | D:2      | Noticed Natasha
  2002 | D:2      | Killed Natasha
  2318 | D:2      | Noticed Natasha
  2324 | D:2      | Killed Natasha
  2325 | D:2      | Reached XP level 5. HP: 28/28 MP: 6/13
  2644 | D:3      | Found a runed translucent door.
  2647 | D:3      | Noticed MirrMurr's ghost (amateur MiGl)
  3005 | D:3      | Found a snail-covered altar of Cheibriados.
  3166 | D:3      | Found a shadowy altar of Dithmenos.
  3556 | D:4      | Found a staircase to the Ecumenical Temple.
  3561 | Temple   | Entered the Ecumenical Temple
  3729 | Temple   | Became a worshipper of Qazlal Stormbringer
  3998 | D:4      | Slain by an iguana

Illustrated notes

Levels and vault maps discovered:
D:1:      tarquinn_simple_flora_water_f, layout_basic, minmay_surrounded
D:2:      layout_loops_ring, chequers_ecumenical_altar_simple, uniq_natasha
D:3:      layout_basic, lemuel_round_altar,
          nicolae_dithmenos_through_a_glass_darkly,
          hellmonk_ghost_happy_afterlife, kennysheep_cross_bottleneck,
          st_stairs_14
D:4:      layout_basic, temple_doors_cd, serial_bayou_pond_e, interstate_on_off
Temple:   nicolae_temple_bog_church

Skill      XL: |  1  2  3  4  5 |
---------------+----------------+-----
Stealth        | 3 4 |  4.1
Dodging        | 3 |  3.7
Conjurations   | 2 |  2.7
Spellcasting   | 4 |  4.3
Air Magic      | |  3.9

Action                   |  1- 3 |  4- 6 || total
-------------------------+-------+-------++-------
Melee: Short sword       |     3 |       ||     3
       Dagger            |    10 |     1 ||    11
 Cast: Shock             |    83 |    64 ||   147
  Use: Potion            |       |     1 ||     1
Armor: Robe              |     6 |     1 ||     7
Dodge: Dodged            |    20 |     8 ||    28

Table legend: (Time is in decaauts)
 A = Elapsed time spent in this place.
 B = Non-inter-level travel time spent in this place.
 C = Inter-level travel time spent in this place.
 D = Time resting spent in this place.
 E = Time spent auto-exploring this place.
 F = Levels seen in this place.
 G = Mean time per level.
                   A        B        C        D        E       F      G
               +--------+--------+--------+--------+--------+-----+--------+
         Total |   4002 |   3881 |    121 |     47 |   3492 |   5 |  800.4 |
       Dungeon |   3801 |   3725 |     76 |     47 |   3345 |   4 |  950.2 |
        Temple |    201 |    157 |     44 |      0 |    147 |   1 |  201.0 |
               +--------+--------+--------+--------+--------+-----+--------+

Top non-repeatable levels by time:
     D:1: 1317 daAuts
     D:2: 1124 daAuts
     D:3: 1094 daAuts
     D:4: 264 daAuts
  Temple: 201 daAuts
